 Dungeon Crawl Stone Soup version 0.21.0-3-g78d12a8 (webtiles) character file.

520 MTVSty1e the Carver (level 7, -8/52 HPs)
             Began as a Human Berserker on Jan 10, 2018.
             Was a Priest of Trog.
             Mangled by an ogre
             ... wielding a +0 giant club
              (15 damage)
             ... on level 4 of the Dungeon.
             The game lasted 00:06:27 (2975 turns).

MTVSty1e the Carver (Human Berserker)               Turns: 2975, Time: 00:06:29

Health: -8/52      AC: 13    Str: 19    XL:     7   Next: 45%
Magic:  7/7        EV:  8    Int:  7    God:    Trog [***...]
Gold:   159        SH:  7    Dex: 16    Spells: 6/6 levels left

rFire    . . .     SeeInvis .   a - +0 falchion
rCold    . . .     Gourm    .   k - +0 shield
rNeg     . . .     Faith    .   g - +0 plate armour
rPois    .         Spirit   .   (helmet restricted)
rElec    .         Reflect  .   (no cloak)
rCorr    .         Harm     .   (no gloves)
MR       .....                  (no boots)
Stlth    ..........             (no amulet)
HPRegen  0.17/turn              e - +3 ring of protection
MPRegen  0.10/turn              (no ring)

@: agile, lethally poisoned (-8 -> -9), flying
A: horns 1, clumsy 1
a: Berserk, Trog's Hand, Burn Spellbooks, Renounce Religion


You were on level 4 of the Dungeon.
You worshipped Trog.
Trog was most pleased with you.
You were not hungry.

You visited 1 branch of the dungeon, and saw 4 of its levels.

You collected 159 gold pieces.

Inventory:

Hand Weapons
 a - a +0 falchion (weapon)
Armour
 g - a +0 plate armour (worn)
 k - a +0 shield (worn)
Jewellery
 e - a +3 ring of protection (left hand)
Scrolls
 b - 3 scrolls of teleportation
 l - a scroll of identify
 n - a scroll of magic mapping
Potions
 d - 2 potions of curing
 i - a potion of flight
 j - 2 potions of cancellation
 o - a potion of brilliance {unknown}
Comestibles
 c - 6 rations
 m - 5 chunks of flesh


   Skills:
 - Level 3.0 Fighting
 + Level 8.0 Long Blades
 - Level 2.0 Armour
 - Level 2.0 Dodging


You had 6 spell levels left.
You didn't know any spells.

Dungeon Overview and Level Annotations

Branches:
Dungeon (4/15)
 Temple: D:4-7

Altars:
Hepliaklqana
Wu Jian


Innate Abilities, Weirdness & Mutations

You have a pair of small horns on your head.
You are clumsy. (Dex -2)


Message History

You hit the gnoll. You headbutt the gnoll.
You kill the gnoll!
Trog accepts your kill.
Your shield and plate armour prevent you from hitting the ogre.
You block the ogre's attack.
You hit the ogre. Your headbutt misses the ogre.
The ogre is lightly wounded.
You feel sick.
You hit the ogre. You headbutt the ogre.
The ogre is moderately wounded.
You recover from your berserk rage.
The ogre hits you but does no damage.
You slash the ogre!
The ogre is heavily wounded.
The ogre hits you with a giant club!!
* * * LOW HITPOINT WARNING * * *
You slash the ogre! Your headbutt misses the ogre.
The ogre is almost dead.
You feel sick. The ogre hits you with a giant club!
You die...

#... .. ### #... # .. .$#
#####...# .# .# ...#
#.......## . .#...
#........## '#.#'.
+.........###...###..
#.............8......
.........###O..###.
###....##.@#.#'.#
#...##..†#.# ..#
#...#...##.## .
#...#!.##...##
###.####.....####.......
+........................
##...####.....#..........
#...# #.....#..........
#...# ##.)..#..........


You could see an ogre.

Vanquished Creatures
  2 ogres (D:4)
  A howler monkey (D:4)
  2 hounds (D:4)
  An orc wizard (D:2)
  2 worker ants (D:4)
  A gnoll (D:4)
  7 adders
  2 oozes
  2 worms (D:2)
  3 dart slugs
  A leopard gecko (D:3)
  5 orcs
  A ball python (D:2)
  3 giant cockroaches
  7 goblins
  7 hobgoblins
  12 jackals
  6 kobolds
  A quokka (D:2)
  8 bats
  5 frilled lizards
  5 rats
84 creatures vanquished.

Notes
Turn   | Place    | Note
-------+----------+-------------------------------------------
     0 | D:1      | MTVSty1e the Human Berserker began the quest for the Orb.
     0 | D:1      | Reached XP level 1. HP: 18/18 MP: 1/1
    41 | D:1      | Reached XP level 2. HP: 10/24 MP: 2/2
   798 | D:2      | Reached skill level 4 in Long Blades
   798 | D:2      | Reached XP level 3. HP: 29/29 MP: 3/3
  1175 | D:2      | Found an ornate altar of the Wu Jian Council.
  1211 | D:2      | Reached XP level 4. HP: 26/35 MP: 4/4
  1405 | D:2      | Reached ** piety under Trog
  1421 | D:2      | Reached skill level 5 in Long Blades
  1480 | D:2      | Found a hazy altar of Hepliaklqana.
  1870 | D:2      | Reached XP level 5. HP: 25/41 MP: 5/5
  2325 | D:3      | Reached skill level 6 in Long Blades
  2607 | D:4      | Reached XP level 6. HP: 41/47 MP: 6/6
  2614 | D:4      | Noticed an ogre
  2622 | D:4      | Killed an ogre
  2622 | D:4      | Reached *** piety under Trog
  2838 | D:4      | Noticed an ogre
  2848 | D:4      | Killed an ogre
  2848 | D:4      | Reached skill level 7 in Long Blades
  2848 | D:4      | Reached XP level 7. HP: 52/52 MP: 7/7
  2965 | D:4      | Reached skill level 8 in Long Blades
  2967 | D:4      | Gained mutation: You are clumsy. (Dex -2) [potion of mutation]
  2967 | D:4      | Gained mutation: You have a pair of small horns on your head. [potion of mutation]
  2975 | D:4      | Mangled by an ogre

Skill      XL: |  1  2  3  4  5  6  7 |
---------------+----------------------+-----
Long Blades    | 4 5 6 7 8 |  8.0
Fighting       | |  3.0
Armour         | |  2.0
Dodging        | |  2.0

Action                   |  1- 3 |  4- 6 |  7- 9 || total
-------------------------+-------+-------+-------++-------
Melee: Falchion          |   103 |   250 |    59 ||   412
       Headbutt          |       |       |     3 ||     3
Invok: Berserk           |     1 |     4 |     1 ||     6
  Use: Potion            |     1 |       |     4 ||     5
       Scroll            |       |     6 |       ||     6
  Eat: Chunk             |     2 |     9 |     2 ||    13
Armor: Skin              |    23 |       |       ||    23
       Animal skin       |     4 |       |       ||     4
       Plate armour      |    75 |   222 |    44 ||   341
Dodge: Dodged            |    58 |    83 |     9 ||   150
Block: Shield            |       |    75 |    23 ||    98
       Rpst.: Falchion   |    14 |    29 |     5 ||    48
